 Dungeon Crawl Stone Soup version 0.22-a0-265-g0d8bc9073c (webtiles) character file.

14405 RedPan the Martial Artist (level 11, -1/81 HPs)
             Began as a Demonspawn Monk on Mar 7, 2018.
             Was a High Priest of Cheibriados.
             Killed from afar by a hellion (31 damage)
             ... with damnation
             ... on level 1 of the Abyss.
             The game lasted 00:31:57 (11348 turns).

RedPan the Martial Artist (Demonspawn Monk)        Turns: 11348, Time: 00:31:58

Health: -1/81      AC: 14    Str: 26    XL:     11   Next: 88%
Magic:  15/15      EV: 16    Int: 25    God:    Cheibriados [*****.]
Gold:   361        SH:  0    Dex: 33    Spells: 10/10 levels left

rFire    . . .     SeeInvis .     - Unarmed
rCold    . . .     Gourm    .   x - +0 shield
rNeg     . . .     Faith    .   H - +1 chain mail {rPois}
rPois    +         Spirit   .   F - +2 hat {Int+3}
rElec    .         Reflect  .   s - +1 cloak
rCorr    .         Harm     .   (no gloves)
MR       .....                  (no boots)
Stlth    ..........             k - amulet of regeneration
HPRegen  0.63/turn              (no ring)
MPRegen  0.14/turn              (no ring)

@: confused, very slow
A: horns 2, thin skeletal structure 3, demonic guardian 1, deterioration 1,
mutation resistance 1, spiny 1
a: Bend Time, Temporal Distortion, Slouch, Step From Time, Renounce Religion


You were on level 1 of the Abyss.
You worshipped Cheibriados.
Cheibriados was extremely pleased with you.
You were very hungry.

You visited 2 branches of the dungeon, and saw 12 of its levels.
You visited the Abyss 1 time.
You also visited: Ossuary.

You collected 480 gold pieces.
You spent 119 gold pieces at shops.

Inventory:

Hand Weapons
 u - the +5 demon whip "Spellbinder" {antimagic, MR+}
   (You found it on level 4 of the Dungeon)

   It reduces the magical energy of the wielder, and disrupts the spells and
   magical abilities of those hit.
   Natural abilities and divine invocations are not affected.
   It affects your resistance to hostile enchantments.
Armour
 j - a +0 robe
 s - a +1 cloak (worn)
 x - a +0 shield (worn)
 F - a +2 hat of intelligence (worn)
 H - a +1 chain mail of poison resistance (worn)
Jewellery
 c - an uncursed amulet of the gourmand
 k - an amulet of regeneration (around neck)
Wands
 a - a wand of scattershot (8)
 o - a wand of enslavement (2)
 A - a wand of flame (11)
 C - a wand of polymorph (5)
 G - a wand of iceblast (8)
Scrolls
 d - a scroll of magic mapping
 i - 4 scrolls of remove curse
 t - a scroll of identify
 v - 3 scrolls of fear
 y - 2 scrolls of enchant armour
 B - 3 scrolls of enchant weapon
 I - a scroll of brand weapon {unknown}
Potions
 l - 2 potions of magic
 m - 4 potions of mutation
 D - a potion of haste
Comestibles
 b - 25 rations


   Skills:
 - Level 6.0 Fighting
 + Level 3.1 Armour
 + Level 8.8 Dodging
 - Level 1.7 Stealth
 + Level 7.5 Shields
 * Level 11.9 Unarmed Combat
 - Level 6.0 Invocations


You had 10 spell levels left.
You didn't know any spells.

Dungeon Overview and Level Annotations

Branches:
Dungeon (11/15)            Temple (1/1) D:7
   Lair: D:8-11         Orc: D:9-12

Altars:
Ashenzari
Cheibriados
Dithmenos
Elyvilon
Fedhas
Gozag
Hepliaklqana
Kikubaaqudgha
Makhleb
Nemelex Xobeh
Okawaru
Qazlal
Ru
Sif Muna
Trog
Uskayaw
Vehumet
Wu Jian
Xom
Yredelemnul
Zin
The Shining One

Shops:
D:4 *

Annotations:
D:2 exclusion: 2 downstairs
D:11 Erolcha


Innate Abilities, Weirdness & Mutations

You have a pair of horns on your head.
You have an unnaturally thin skeletal structure. (Dex +6, Stealth++)
A weak demonic guardian rushes to your aid.
You are partially covered in sharp spines.
Your body sometimes deteriorates upon taking damage.
You are somewhat resistant to further mutation.


Message History

Your iron imp hits the golden eye!
Unknown command.
You're too confused to move!
Your iron imp completely misses the golden eye.
Unknown command.
You completely miss the golden eye.
You kill the golden eye!
Cheibriados appreciates the change of pace.
The orb spider begins to weave its threads into a brightly glowing ball.
Unknown command.
The big kobold barely misses you.
You bump into the metal wall.
The big kobold hits you but does no damage.
A hellion comes into view.
You bump into the metal wall.
The big kobold hits you but does no damage.
Your white imp hits the big kobold but does no damage.
The hellion gestures at you.
The sphere of damnation explodes!
The damnation engulfs you!
You die...

...## ≈ # .#
..#...# # #....
# #..#.#. #≈...
. . ......#
≈..#.#..#.. .
#....
##.###.### .
..#........#..
. . ##2##.....
. . #..5#K##
≈.#...
#...#@.5.# 5..#
##...###s#...5#
. #... .#. #.≈#
##.. ## .#.##
#.# ..# . ## .
. . ##. ## . ##
. #


You could see an orb spider, a hellion, a big kobold, a friendly iron imp and a
friendly white imp.

Vanquished Creatures
  Gastronok (D:10)
  A cacodemon (Abyss:1)
  The ghost of motoroller71 the Blocker, a journeyman GnFi of Makhleb (D:10)
  5 two-headed ogres
  2 ugly things
  An efreet (Abyss:1)
  A troll (D:9)
  A hornet (D:8)
  2 raiju (Abyss:1)
  2 hippogriffs
  A golden eye (Abyss:1)
  A vampire mosquito (D:10)
  3 hungry ghosts
  A chaos spawn (Abyss:1)
  Edmund (D:6)
  2 insubstantial wisps (Abyss:1)
  A warg (D:11)
  A soldier ant (D:8)
  2 water moccasins
  2 ice beasts
  A large abomination (Abyss:1)
  3 orc warriors
  A phantom (D:7)
  3 ogres
  4 centaurs
  2 big kobolds (D:9)
  3 elf zombies (Ossuary)
  3 bullfrogs
  A gnoll sergeant (D:9)
  A scorpion (D:8)
  A small abomination (Abyss:1)
  5 wights (D:6)
  4 killer bees (D:11)
  6 crimson imps
  A bullfrog zombie (D:10)
  3 centaur zombies
  2 quasits
  A centaur skeleton (D:11)
  A human zombie (Ossuary)
  3 orc priests
  2 bullfrog skeletons
  7 hounds
  9 orc wizards
  Crazy Yiuf (D:3)
  Ijyb (D:3)
  Natasha (thrice) (D:3)
  3 iguanas
  4 worker ants
  2 big kobold zombies (Ossuary)
  2 hound zombies
  2 hound skeletons
  3 mummies (Ossuary)
  3 gnolls (D:9)
  14 adders
  An ooze (D:7)
  An adder skeleton (D:5)
  5 adder zombies
  4 worms
  11 dart slugs
  3 leopard geckos
  29 orcs
  2 ball pythons
  5 giant cockroaches
  11 goblins
  7 hobgoblins
  8 jackals
  4 quokkas
  6 bats
  3 frilled lizards
  2 gnoll zombies (Ossuary)
  2 goblin zombies (Ossuary)
  6 hobgoblin zombies (Ossuary)
  A jackal zombie (Ossuary)
  13 kobolds
  2 kobold zombies (Ossuary)
  A leopard gecko skeleton (D:8)
  2 orc zombies (Ossuary)
  5 quokka zombies
  6 rats
  3 rat zombies (Ossuary)
280 creatures vanquished.

Vanquished Creatures (collateral kills)
  Maurice (D:10)
  An ogre (D:6)
  A hound (D:3)
  An orc wizard (D:4)
  A howler monkey skeleton (D:6)
  An orc (D:7)
  A hobgoblin (D:3)
  A jackal (D:3)
  A rat (D:3)
9 creatures vanquished.

Grand Total: 289 creatures vanquished

Notes
Turn   | Place    | Note
-------+----------+-------------------------------------------
     0 | D:1      | RedPan the Demonspawn Monk began the quest for the Orb.
     0 | D:1      | Reached XP level 1. HP: 18/18 MP: 1/1
    97 | D:1      | Reached skill level 3 in Unarmed Combat
   104 | D:1      | Gained mutation: A weak demonic guardian rushes to your aid. [demonic ancestry]
   104 | D:1      | Reached XP level 2. HP: 22/24 MP: 2/2
  1137 | D:2      | Gained mutation: You have a somewhat thin skeletal structure. (Dex +2, Stealth) [demonic ancestry]
  1137 | D:2      | Reached XP level 3. HP: 5/29 MP: 3/3
  2073 | D:2      | Gained mutation: You are partially covered in sharp spines. [demonic ancestry]
  2073 | D:2      | Reached XP level 4. HP: 16/35 MP: 4/4
  2323 | D:3      | Noticed Ijyb
  2519 | D:3      | Found a white marble altar of Elyvilon.
  2526 | D:3      | Reached skill level 4 in Unarmed Combat
  2804 | D:3      | Noticed Natasha
  2834 | D:3      | Killed Ijyb
  2834 | D:3      | Gained mutation: You have a pair of small horns on your head. [demonic ancestry]
  2834 | D:3      | Reached XP level 5. HP: 42/42 MP: 5/5
  2839 | D:3      | Killed Natasha
  2997 | D:3      | Noticed Natasha
  3002 | D:3      | Killed Natasha
  3090 | D:3      | Noticed Natasha
  3092 | D:3      | Killed Natasha
  3125 | D:3      | Found a runed door.
  3161 | D:3      | Found an ornate altar of the Wu Jian Council.
  3298 | D:3      | Noticed Crazy Yiuf
  3309 | D:3      | Killed Crazy Yiuf
  3309 | D:3      | Gained mutation: You have a moderately thin skeletal structure. (Dex +4, Stealth+) [demonic ancestry]
  3309 | D:3      | Reached XP level 6. HP: 32/48 MP: 6/6
  3459 | D:4      | Reached skill level 5 in Unarmed Combat
  3717 | D:4      | Found Oriu's Assorted Antiques.
  3722 | D:4      | Bought a scroll of identify for 34 gold pieces
  3722 | D:4      | Bought a shiny cabochon ring for 85 gold pieces
  3896 | D:4      | Found the +5 demon whip "Spellbinder" {antimagic, MR+}
  4308 | D:4      | Found a sacrificial altar of Ru.
  4354 | D:5      | Entered Level 5 of the Dungeon
  4455 | D:5      | Gained mutation: You are somewhat resistant to further mutation. [potion of mutation]
  4559 | D:5      | Reached XP level 7. HP: 55/55 MP: 7/7
  5242 | D:6      | Found a bloodstained altar of Trog.
  5273 | D:6      | Found a sparkling altar of Nemelex Xobeh.
  5292 | D:6      | Reached skill level 1 in Shields
  5310 | D:6      | Noticed Edmund
  5331 | D:6      | Killed Edmund
  5331 | D:6      | Reached skill level 5 in Fighting
  5331 | D:6      | Reached skill level 6 in Unarmed Combat
  5546 | D:6      | Reached XP level 8. HP: 32/62 MP: 8/8
  5555 | D:6      | Reached skill level 5 in Dodging
  5847 | D:6      | Reached skill level 7 in Unarmed Combat
  5955 | D:6      | Found a hide-covered altar of Uskayaw.
  6894 | D:7      | Found a sand-covered staircase.
  6906 | Ossuary  | Entered an ossuary
  6938 | Ossuary  | Reached skill level 8 in Unarmed Combat
  6983 | Ossuary  | Gained mutation: You have an unnaturally thin skeletal structure. (Dex +6, Stealth++) [demonic ancestry]
  6983 | Ossuary  | Reached XP level 9. HP: 68/68 MP: 9/9
  7268 | D:7      | Found a staircase to the Ecumenical Temple.
  7274 | Temple   | Entered the Ecumenical Temple
  7320 | Temple   | Became a worshipper of Cheibriados the Contemplative
  7320 | Temple   | Reached * piety under Cheibriados
  7320 | Temple   | Reached ** piety under Cheibriados
  7586 | D:8      | Reached skill level 1 in Invocations
  7613 | D:8      | Noticed a two-headed ogre
  7622 | D:8      | Killed a two-headed ogre
  7625 | D:8      | Reached skill level 9 in Unarmed Combat
  7753 | D:8      | Found a blossoming altar of Fedhas.
  7869 | D:8      | Noticed a two-headed ogre
  7875 | D:8      | Killed a two-headed ogre
  7875 | D:8      | Reached skill level 5 in Shields
  7990 | D:8      | Reached XP level 10. HP: 74/74 MP: 13/13
  8583 | D:9      | Noticed a two-headed ogre
  8589 | D:9      | Killed a two-headed ogre
  8589 | D:9      | Reached skill level 10 in Unarmed Combat
  8589 | D:9      | Reached skill level 5 in Invocations
  8662 | D:9      | Reached *** piety under Cheibriados
  8772 | D:9      | Found a hazy altar of Hepliaklqana.
  8779 | D:9      | Noticed a two-headed ogre
  8793 | D:9      | Killed a two-headed ogre
  8848 | D:9      | Found a stormy altar of Qazlal.
  9237 | D:9      | Found a glowing silver altar of Zin.
  9400 | D:10     | Entered Level 10 of the Dungeon
  9405 | D:10     | Noticed motoroller71's ghost (journeyman GnFi)
  9430 | D:10     | Killed motoroller71's ghost
  9612 | D:10     | Reached **** piety under Cheibriados
  9687 | D:10     | Noticed Gastronok
  9704 | D:10     | Killed Gastronok
  9704 | D:10     | Gained mutation: You have a pair of horns on your head. [demonic ancestry]
  9704 | D:10     | Reached XP level 11. HP: 79/81 MP: 4/15
  9778 | D:10     | Reached skill level 11 in Unarmed Combat
 10004 | D:10     | Noticed Maurice
 10014 | D:10     | Killed Maurice
 10154 | D:10     | Noticed a two-headed ogre
 10191 | D:10     | Killed a two-headed ogre
 10191 | D:10     | Reached skill level 1 in Armour
 10423 | D:11     | Noticed Erolcha
 10525 | D:11     | Noticed a brown ugly thing
 10537 | D:10     | Killed a brown ugly thing
 10743 | D:11     | Noticed a red ugly thing
 10765 | D:11     | Killed a red ugly thing
 10771 | D:11     | Cast into level 1 of the Abyss (Erolcha)
 10851 | Abyss:1  | Noticed a bone dragon
 11011 | Abyss:1  | Noticed a green very ugly thing
 11042 | Abyss:1  | Noticed a deep elf demonologist
 11044 | Abyss:1  | Noticed a Tzitzimitl
 11045 | Abyss:1  | Noticed a shadow demon
 11050 | Abyss:1  | Noticed a bone dragon
 11098 | Abyss:1  | Found a corrupted altar of Lugonu.
 11168 | Abyss:1  | Reached ***** piety under Cheibriados
 11213 | Abyss:1  | Noticed a cacodemon
 11234 | Abyss:1  | Gained mutation: Your body sometimes deteriorates upon taking damage. [a cacodemon]
 11247 | Abyss:1  | Killed a cacodemon
 11289 | Abyss:1  | Noticed an orb spider
 11348 | Abyss:1  | Killed from afar by a hellion

Vault maps used:
D:1:      nzn_arrival_depleted_hourglass, solitary_fountain
D:2:      first_ration, minmay_heptomino_l4
D:3:      lemuel_round_altar, elyvilon_altar_3, serial_bayou_lagoon_a,
          uniq_ijyb, uniq_natasha, uniq_crazy_yiuf_cottage
D:4:      nicolae_ru_path_of_blood, serial_shops, kennysheep_little_box
D:6:      lemuel_round_altar, nemelex_xobeh_ov_fountains_minmay,
          kennysheep_mini, solitary_fountain, uniq_edmund
D:7:      kennysheep_slugbush, minmay_temple_entry_fiery,
          nicolae_ossuary_entry_false_entrances
D:8:      hangedman_pestilent_swarm, fedhas_altar_2
D:9:      marbit_many_paths, nicolae_overflow_crystal_walls, lemuel_round_altar,
          kennysheep_generic_room_12
D:10:     grunt_tough_drop, uniq_gastronok, uniq_maurice
D:11:     erik_lair_orcish_takeover, david_orc_1_choice, grunt_ministairs_5,
          uniq_erolcha
Temple:   nicolae_temple_god_jail
Ossuary:  minmay_ossuary_two_tombs

Skill      XL: |  1  2  3  4  5  6  7  8  9 10 11 |
---------------+----------------------------------+-----
Unarmed Combat | 3 4 5 6 8 9 10 11 | 11.9
Dodging        | 3 4 5 6 8 |  8.8
Fighting       | 4 5 6 |  6.0
Shields        | 2 3 5 6 7 |  7.5
Invocations    | 4 6 |  6.0
Armour         | 3 |  3.1
Stealth        | |  1.7

Action                   |  1- 3 |  4- 6 |  7- 9 | 10-12 || total
-------------------------+-------+-------+-------+-------++-------
Melee: Unarmed           |   181 |   124 |   379 |   331 ||  1015
       Punch             |     3 |     2 |       |       ||     5
       Headbutt          |       |    14 |   116 |   110 ||   240
Invok: Bend Time         |       |       |       |     5 ||     5
  Use: Scroll            |     5 |     8 |     5 |    13 ||    31
       Potion            |       |     1 |     3 |    24 ||    28
 Stab: Sleeping          |     5 |     6 |    18 |     8 ||    37
       Distracted        |       |     1 |     1 |     2 ||     4
       Invisible         |       |       |       |     5 ||     5
  Eat: Chunk             |    10 |     8 |    12 |     2 ||    32
       Ration            |       |       |       |     2 ||     2
Armor: Robe              |    30 |    11 |    24 |     6 ||    71
       Skin              |       |       |       |     8 ||     8
       Chain mail        |       |       |       |    44 ||    44
Dodge: Dodged            |   127 |    74 |   123 |   147 ||   471
Block: Shield            |       |       |   124 |   207 ||   331

Table legend:
 A = Spawn XP
 B = Non-spawn XP
 C = Spawn XP percentage of total XP
 D = Spawn monster count
 E = Non-spawn monster count
 F = Spawn count percentage of total count
 G = Total turns spent on level
                    A         B        C        D         E        F      G
               +---------+---------+-------+---------+---------+-------+---------
         Total |    1290 |   19289 |   6.3 |       6 |     283 |   2.1 | 11348
               +---------+---------+-------+---------+---------+-------+---------
           D:1 |       0 |      32 |   0.0 |       0 |      17 |   0.0 |   995
           D:2 |       0 |      77 |   0.0 |       0 |      28 |   0.0 |  1379
           D:3 |       0 |     277 |   0.0 |       0 |      24 |   0.0 |   977
           D:4 |       0 |     281 |   0.0 |       0 |      18 |   0.0 |  1003
           D:5 |       0 |     128 |   0.0 |       0 |       9 |   0.0 |   977
           D:6 |       0 |    1333 |   0.0 |       0 |      25 |   0.0 |  1145
           D:7 |       0 |     552 |   0.0 |       0 |      26 |   0.0 |   682
           D:8 |       0 |    2757 |   0.0 |       0 |      20 |   0.0 |   730
           D:9 |       0 |    3016 |   0.0 |       0 |      26 |   0.0 |  1124
          D:10 |       0 |    5996 |   0.0 |       0 |      22 |   0.0 |   965
          D:11 |       0 |    2003 |   0.0 |       0 |      24 |   0.0 |   404
       Abyss:1 |    1290 |    2262 |  36.3 |       6 |       6 |  50.0 |   577
       Ossuary |       0 |     575 |   0.0 |       0 |      38 |   0.0 |   330
               +---------+---------+-------+---------+---------+-------+---------
